 Dungeon Crawl Stone Soup version 0.20-a0-1116-gaa52201 (webtiles) character file.

683 grindst0ne the Skirmisher (level 7, -2/59 HPs)
             Began as a Demonspawn Berserker on May 8, 2017.
             Was a Believer of Trog.
             Splashed by a jelly's acid (4 damage)
             ... on level 5 of the Dungeon.
             The game lasted 00:07:57 (4651 turns).

grindst0ne the Skirmisher (Demonspawn Berserker)    Turns: 4651, Time: 00:07:58

Health: -2/59      AC: -2    Str: 18    XL:     7   Next: 35%
Magic:  7/7        EV:  8    Int: 10    God:    Trog [**....]
Gold:   248        SH:  0    Dex: 18    Spells: 6/6 levels left

rFire    . . .     SeeInvis .   i - +5 mace
rCold    . . .     Gourm    .   (no shield)
rNeg     . . .     Faith    .   r - +0 chain mail
rPois    .         Spirit   .   (helmet restricted)
rElec    .         Reflect  .   (no cloak)
rCorr    .         Harm     .   (no gloves)
MR       .....                  (no boots)
Stlth    ..........             (no amulet)
Regen    0.2/turn               (no ring)
MPRegen  0.1/turn               (no ring)

@: corroded, starving
A: horns 1, thin skeletal structure 1, agile 1, clever 1, deterioration 1,
nightstalker 1
a: Berserk, Trog's Hand, Burn Spellbooks, Renounce Religion


You were on level 5 of the Dungeon.
You worshipped Trog.
Trog was pleased with you.
You were starving.

You visited 1 branch of the dungeon, and saw 5 of its levels.

You collected 248 gold pieces.

Inventory:

Hand Weapons
 a - a +0 mace
 i - a +5 mace (weapon)
Missiles
 q - 6 javelins (quivered)
Armour
 r - a +0 chain mail (worn)
 v - a +0 helmet
Jewellery
 s - a cursed ring of teleportation {unknown}
 z - an uncursed ring of see invisible {unknown}
Wands
 h - a wand of flame (11/48)
Scrolls
 d - 3 scrolls of remove curse
 g - 4 scrolls of identify
 m - 2 scrolls of immolation
Potions
 b - a potion of berserk rage {unknown}
 f - a potion of brilliance
 k - a potion of heal wounds {unknown}
 l - 2 potions of agility {unknown}
 w - 2 potions of invisibility {unknown}
 A - a potion of lignification {unknown}
Comestibles
 c - 4 bread rations
 j - a royal jelly
 n - 6 fruits
 t - a meat ration


   Skills:
 + Level 6.4 Fighting
 - Level 2.6 Maces & Flails
 + Level 5.4 Armour
 - Level 1.7 Dodging


You had 6 spell levels left.
You didn't know any spells.

Dungeon Overview and Level Annotations

Branches:
Dungeon (5/15)
 Temple: D:4-7

Altars:
Gozag
Vehumet
Zin


Innate Abilities, Weirdness & Mutations

You have a pair of small horns on your head.
You have a somewhat thin skeletal structure. (Dex +2, Stealth)
You are slightly more attuned to the shadows.
You are agile. (Dex +2)
Your mind is acute. (Int +2)
Your body sometimes deteriorates upon taking damage.


Message History

You barely miss the jelly.
You headbutt the jelly, but do no damage.
The jelly is heavily wounded.
The howler monkey hoots and howls with incredible vigour!
The jelly hits you but does no damage.
You hit the jelly but do no damage. The acid corrodes you!
Your hands burn!
You headbutt the jelly, but do no damage.
The jelly is heavily wounded.
The jelly barely misses you.
You hit the jelly.
Your hands burn!
The jelly is severely wounded.
The jelly jiggles.
The jelly hits you.
You are splashed with acid!
The acid burns!
* * * LOW HITPOINT WARNING * * *
The jelly hits you.
* * * LOW HITPOINT WARNING * * *
You are splashed with acid!
The acid burns!
* * * LOW HITPOINT WARNING * * *
You hit the jelly but do no damage. The acid corrodes you!
Your hands burn!
You die...

.
###.#.........##........#
. #.#....<.#####........#
# ##.#....#.# ##########
#.###.....###..#
#.#.......# ##...
..........# ####
..........# #########
#..##.....# #...#...#
....#...(.# ####@##.##.###
....#.....###ohJ##.##.##_#
.............l###.##.##.##
#...#####.....##..###..##
###.[.........##### ####
.........#.####
........#..#
...<.o....####.
...............#


You could see a howler monkey, a jelly, an orc and a frilled lizard.

Vanquished Creatures
  Menkaure (D:4)
  A sky beast (D:5)
  A phantom (D:5)
  An ogre (D:4)
  An orc priest (D:3)
  2 iguanas (D:4)
  3 worker ants
  5 adders
  A shadow imp (D:5)
  3 worms (D:3)
  An adder skeleton (D:4)
  4 dart slugs
  4 leopard geckos
  An orc (D:3)
  A ball python (D:5)
  5 giant cockroaches
  5 goblins
  8 hobgoblins
  9 jackals
  A quokka (D:4)
  5 bats
  2 frilled lizards
  6 kobolds
  4 rats
75 creatures vanquished.

Notes
Turn   | Place    | Note
-------+----------+-------------------------------------------
     0 | D:1      | grindst0ne the Demonspawn Berserker began the quest for the Orb.
     0 | D:1      | Reached XP level 1. HP: 18/18 MP: 1/1
   178 | D:1      | Gained mutation: You have a pair of small horns on your head. [demonic ancestry]
   178 | D:1      | Reached XP level 2. HP: 24/24 MP: 2/2
   907 | D:1      | Gained mutation: You have a somewhat thin skeletal structure. (Dex +2, Stealth) [demonic ancestry]
   907 | D:1      | Reached XP level 3. HP: 25/29 MP: 3/3
  1066 | D:1      | Reached ** piety under Trog
  1134 | D:1      | Gained mutation: You are agile. (Dex +2) [potion of mutation]
  1134 | D:1      | Gained mutation: Your body sometimes deteriorates upon taking damage. [potion of mutation]
  1134 | D:1      | Gained mutation: Your mind is acute. (Int +2) [potion of mutation]
  1183 | D:2      | Found a glowing silver altar of Zin.
  1926 | D:3      | Reached skill level 4 in Fighting
  2043 | D:3      | Reached XP level 4. HP: 37/37 MP: 4/4
  2811 | D:4      | Gained mutation: You are slightly more attuned to the shadows. [demonic ancestry]
  2811 | D:4      | Reached XP level 5. HP: 10/43 MP: 5/5
  3486 | D:4      | Reached skill level 5 in Fighting
  3564 | D:4      | Noticed an ogre
  3568 | D:4      | Killed an ogre
  3568 | D:4      | Reached XP level 6. HP: 51/51 MP: 6/6
  3581 | D:4      | Noticed Menkaure
  3589 | D:4      | Killed Menkaure
  4303 | D:5      | Entered Level 5 of the Dungeon
  4372 | D:5      | Found an opulent altar of Gozag.
  4403 | D:5      | Noticed a sky beast
  4416 | D:5      | Killed a sky beast
  4416 | D:5      | Reached skill level 6 in Fighting
  4416 | D:5      | Reached skill level 5 in Armour
  4416 | D:5      | Reached XP level 7. HP: 58/58 MP: 7/7
  4580 | D:5      | Found a radiant altar of Vehumet.
  4650 | D:5      | HP: 2/59 [acid (8)]
  4651 | D:5      | Splashed by a jelly's acid

Vault maps used:
D:1:      dpeg_arrival_ternary, minmay_misc_feat_alley, due_unseen_surprise
D:2:      zin_academy
D:4:      first_bread, uniq_menkaure
D:5:      marbit_many_paths, nicolae_gozag_cash_rules_everything_around_me

Skill      XL: |  1  2  3  4  5  6 |
---------------+-------------------+-----
Armour         | 2 3 4 5 |  5.4
Fighting       | 4 5 6 |  6.4
Maces & Flails | |  2.6
Dodging        | |  1.7

Action                   |  1- 3 |  4- 6 |  7- 9 || total
-------------------------+-------+-------+-------++-------
Melee: Mace              |   100 |    72 |    37 ||   209
       Headbutt          |    13 |    12 |    13 ||    38
Invok: Berserk           |     4 |     4 |     1 ||     9
  Use: Scroll            |     3 |     5 |       ||     8
       Potion            |     1 |       |       ||     1
  Eat: Chunk             |     6 |    11 |       ||    17
Armor: Animal skin       |    10 |       |       ||    10
       Leather armour    |    22 |     4 |       ||    26
       Chain mail        |       |    26 |    42 ||    68
Dodge: Dodged            |    87 |    43 |    33 ||   163
